 Dungeon Crawl Stone Soup version 0.30-a0-56-ge6a4009bfd (webtiles) character file.

Game seed: 12855514411703764784

47 ytrimaz the Chopper (level 3, -2/29 HPs)
             Began as a Demonspawn Gladiator on Sept 11, 2022.
             Slain by a gnoll
             ... wielding a +0 halberd
              (3 damage)
             ... on level 2 of the Dungeon.
             The game lasted 00:01:24 (1235 turns).

ytrimaz the Chopper (Demonspawn Gladiator)          Turns: 1235, Time: 00:01:25

Health: -2/29      AC:  4    Str: 15 (16) XL:     3   Next: 48%
Magic:  3/3        EV: 12    Int:  7 (9)  God:
Gold:   69         SH:  0    Dex: 13 (14) Spells: 2/2 levels left

rFire   . . .      SeeInvis .    a - +0 war axe
rCold   . . .      Faith    .    (no shield)
rNeg    . . .      Spirit   .    b - +0 leather armour
rPois   .          Reflect  .    c - +0 helmet
rElec   .          Harm     .    (no cloak)
rCorr   .          Rampage  .    (no gloves)
Will    .....                    (no boots)
Stlth   +.........               (no amulet)
HPRegen 0.09/turn                (no ring)
MPRegen 0.08/turn                (no ring)

@: no status effects
A: ignite blood 1
a: no special abilities


You were on level 2 of the Dungeon.
You visited 1 branch of the dungeon, and saw 2 of its levels.

You collected 69 gold pieces.


Innate Abilities, Weirdness & Mutations

Your demonic aura sometimes causes spilled blood to erupt in flames.


   Skills:
 + Level 3.1 Fighting
 + Level 3.5 Axes
 - Level 1.7 Throwing
 - Level 2.6 Dodging


You had 2 spell levels left.
You didn't know any spells.
Your spell library contained the following spells:

 Spells                   Type           Power      Damage    Failure   Level
 Sting                    Tmut/Pois      0%         1d3       50%         1
 Poisonous Vapours        Pois/Air       0%         N/A       65%         2
 Tukima's Dance           Hex            0%         N/A       86%         3
 Olgreb's Toxic Radiance  Pois           0%         N/A       99%         4
 Passage of Golubria      Tloc           0%         N/A       99%         4
 Yara's Violent Unravell  Hex/Tmut       0%         3d3       100%        5

Inventory:

Hand Weapons
 a - a +0 war axe (weapon)
Missiles
 d - 3 throwing nets (quivered)
 e - a javelin
Armour
 b - a +0 leather armour (worn)
 c - a +0 helmet (worn)
Scrolls
 g - 2 scrolls of torment
Potions
 f - a potion of degeneration
 i - a potion of flight {unknown}

Dungeon Overview and Level Annotations

Branches:
Dungeon (2/15) Zot: 10743

Altars:

#. ........#.. #........
.#
...........###........ .
..............(......#
#.
#..........##........#
.##..........#..........
..............#.......#
##..........)###.......#
#....##....°..>#######..
##...#####†@g....# .
##..#.##....#g##..#
#..<.....####.# ...#
#..###..## #.# #..#
..... ....... ... ..g.
......#####...# ... #...
...### ###.# .... .#.
......# # #..


You could see 2 gnolls.


Message History

Your base attributes are Str 14, Int 9, Dex 14.
Increase (S)trength, (I)ntelligence, or (D)exterity?
You feel stronger. x2 😕 HP[+3] MP[+1]
You now have 28 max hp (+5).
You regained 3 hp, and now have 22/28 hp.
Your mp is fully restored (3).
You slash the rat!
You kill the rat!
You closely miss the kobold. The kobold barely misses you. x2
The kobold barely misses you.
Things that are here:
a rat corpse; an adder corpse You hit the kobold but do no damage.
The kobold hits you but does no damage.
The kobold throws a stone.
The stone closely misses you. The kobold hits you but does no damage.
You see here 11 gold pieces.
You slash the kobold!
You kill the kobold!
No target in view!
You now have 69 gold pieces (gained 11). 😕 HP[+1]
A hobgoblin comes into view. 😕 HP[+1]
A hobgoblin is nearby!
A hobgoblin is nearby!
The hobgoblin shouts!
The hobgoblin throws a stone.
The stone hits you. 😕 HP[-2]
You take 2 damage, and now have 22/28 hp.
The hobgoblin throws a stone.
The stone hits you. 😮 HP[-3]
You take 3 damage, and now have 19/28 hp.
You are too injured to fight recklessly!
You are too injured to fight recklessly!
You hit the hobgoblin.
The hobgoblin hits you but does no damage. x2
You are too injured to fight recklessly!
You barely miss the hobgoblin. The hobgoblin hits you. 😮 HP[-1]
You take 1 damage, and now have 18/28 hp.
Unknown command.
You barely miss the hobgoblin.
The hobgoblin hits you but does no damage.
You are too injured to fight recklessly!
You are too injured to fight recklessly!
Unknown command.
You hit the hobgoblin but do no damage. The hobgoblin barely misses you.
The hobgoblin closely misses you.
You hit the hobgoblin.
You kill the hobgoblin!
Your Fighting skill increases to level 3! 😮 HP[+1]
You now have 29 max hp (+1).
You are too injured to fight recklessly!
Unknown command.
You see here 6 stones.
A gnoll comes into view.
It is wielding a +0 flail. 😮 HP[+1] Unknown command.
A gnoll is nearby!
A gnoll is nearby!
A gnoll is nearby!
Unknown command.
You are too injured to fight recklessly!
A gnoll comes into view. It is wielding a +0 whip.
The gnoll hits you with a +0 flail. 😮 HP[-4]
You take 4 damage, and now have 16/29 hp.
You are too injured to fight recklessly!
You slash the gnoll!
A gnoll comes into view. It is wielding a +0 halberd.
The gnoll is engulfed in blazing flames.
You kill the gnoll!
You feel your intelligence returning.
You are too injured to fight recklessly!
Things that are here:
a +0 flail; a gnoll corpse Unknown command.
You are too injured to fight recklessly!
You slash the gnoll!
A gnoll comes into view. It is wielding a +0 whip.
The gnoll barely misses you. x2
You are too injured to fight recklessly!
The gnoll barely misses you. x2
You are too injured to fight recklessly!
You hit the gnoll but do no damage. You closely miss the gnoll.
The gnoll barely misses you. The gnoll hits you with a +0 halberd!
* * * LOW HITPOINT WARNING * * *
😱 HP[-10]
You take 10 damage, and now have 6/29 hp.
MASSIVE DAMAGE!! (PAUSE)
The gnoll attacks as you move away! The gnoll closely misses you.
The gnoll hits you with a +0 halberd.
* * * LOW HITPOINT WARNING * * *
Things that are here:
a +0 short sword; 2 stones; 😱 HP[-5]
You take 5 damage, and now have 1/29 hp.
The gnoll attacks as you move away! The gnoll hits you with a +0 halberd.
You die...

Skill      XL: |  1  2  3 |
---------------+----------+-----
Axes           | 3 |  3.5
Fighting       | 3 |  3.1
Throwing       | |  1.7
Dodging        | |  2.6

Action                   || total
-------------------------++-------
Melee: War axe           ||    64
       Punch             ||     1
  Use: Scroll            ||     5
       Potion            ||     2
Armor: Leather armour    ||    23
Dodge: Dodged            ||    48

Levels and vault maps discovered:
D:1:      eino_arrival_cavern_a, layout_basic, minmay_hedge_maze,
          minmay_misc_feat_roman, nicolae_titane
D:2:      layout_rooms, shapermc_ecumenical_altar_venn

Notes
Turn   | Place    | Note
-------+----------+-------------------------------------------
     0 | D:1      | ytrimaz the Demonspawn Gladiator began the quest for the
                  | Orb.
     0 | D:1      | Reached XP level 1. HP: 16/16 MP: 1/1
     0 | D:1      | magus.rc [v1.9.6]
    12 | D:1      | You add the spells Sting, Poisonous Vapours and Olgreb's
                  | Toxic Radiance to your library.
   115 | D:1      | Reached skill level 3 in Axes
   115 | D:1      | Gained mutation: Your demonic aura sometimes causes spilled
                  | blood to erupt in flames. [demonic ancestry]
   115 | D:1      | Reached XP level 2. HP: 18/23 MP: 2/2
   820 | D:1      | You add the spells Tukima's Dance, Passage of Golubria and
                  | Yara's Violent Unravelling to your library.
  1181 | D:2      | Reached XP level 3. HP: 22/28 MP: 3/3
  1214 | D:2      | Reached skill level 3 in Fighting
  1233 | D:2      | HP: 6/29 [gnoll/+0 halberd (10)]
  1234 | D:2      | HP: 1/29 [gnoll/+0 halberd (5)]
  1235 | D:2      | Slain by a gnoll

Vanquished Creatures
  A gnoll (D:2)
  An adder (D:2)
  A dart slug (D:1)
  A ball python (D:1)
  A bat (D:1)
  2 endoplasms (D:1)
  2 giant cockroaches (D:1)
  3 goblins (D:1)
  3 hobgoblins
  A quokka (D:1)
  4 kobolds
  4 rats
24 creatures vanquished.

Table legend:
 A = Non-vault XP
 B = Vault XP
 C = Vault XP percentage of total XP
 D = Non-vault monster count
 E = Vault monster count
 F = Vault count percentage of total count
                 A         B        C        D         E       F
            +---------+---------+-------+---------+---------+-------
      Total |      68 |       0 |   0.0 |      24 |       0 |   0.0
            +---------+---------+-------+---------+---------+-------
        D:1 |      34 |       0 |   0.0 |      18 |       0 |   0.0
        D:2 |      34 |       0 |   0.0 |       6 |       0 |   0.0
            +---------+---------+-------+---------+---------+-------

Illustrated notes

Table legend:
 A = Kills in this place as a percentage of kills in entire the game.
 B = Kills by you in this place as a percentage of kills by you in the entire game.
 C = Kills by friends in this place as a percentage of kills by friends in the entire game.
 D = Other kills in this place as a percentage of other kills in the entire game.
 E = Experience gained in this place as a percentage of experience gained in the entire game.
 F = Experience gained in this place divided by the number of levels of this place that you have seen.
                   A       B       C       D       E      F
               +-------+-------+-------+-------+-------+----------------------
         Total | 100.0 | 100.0 |   N/A |   N/A | 100.0 |  34.0
       Dungeon | 100.0 | 100.0 |   N/A |   N/A | 100.0 |  34.0
               +-------+-------+-------+-------+-------+----------------------

Table legend: (Time is in decaauts)
 A = Elapsed time spent in this place.
 B = Non-inter-level travel time spent in this place.
 C = Inter-level travel time spent in this place.
 D = Time resting spent in this place.
 E = Time spent auto-exploring this place.
 F = Levels seen in this place.
 G = Mean time per level.
                   A        B        C        D        E       F      G
               +--------+--------+--------+--------+--------+-----+--------+
         Total |   1256 |   1243 |     13 |    100 |    937 |   2 |  628.0 |
       Dungeon |   1256 |   1243 |     13 |    100 |    937 |   2 |  628.0 |
               +--------+--------+--------+--------+--------+-----+--------+

Top non-repeatable levels by time:
     D:1: 1161 daAuts
     D:2: 95 daAuts
